Workbook
Name A: #REF!
Name A: #REF!
Name A: #REF!
Name AA: #REF!
Name AA: #REF!
Name AA: #REF!
Name AB: #REF!
Name AB: #REF!
Name AB: #REF!
Name AC: #REF!
Name AC: #REF!
Name AC: #REF!
Name AD: #REF!
Name AD: #REF!
Name AD: #REF!
Name AE: #REF!
Name AE: #REF!
Name AE: #REF!
Name B: #REF!
Name B: #REF!
Name B: #REF!
Name D: #REF!
Name D: #REF!
Name D: #REF!
Name E: #REF!
Name E: #REF!
Name E: #REF!

Sheet 作成依頼書_1
A1: ご販売店様 ⇒ 前川印刷行 | O1: FAX:082-875-2407 メールアドレス:info@mpr.co.jp
A3: 「2026エアコン大判チラシ」刷込依頼書①
A5: シャープ製品関連 販促助成物作成 専用注文書
A7: ①注文番号 | S7: ②希望納期
V8: 月 | Z8: 日 | AB8: 原稿到着日より １０日間（土日除く）必要です
A10: ③チラシ送付先
A11: 宛名 | Z11: ＴＥＬ
A14: 住所
A17: ④申込内容 ※金額は右記価格表を参照ください
A18: 配送先エリアを選択 | U18: ■斡旋価格
H19: =IF(H18="配送先をご選択ください","※配送先をプルダウンよりご選択ください","") | U19: エアコン大判チラシ斡旋価格
A20: 内 容 | H20: 数量 | L20: 金 額（税別） | U20: 申込単位 | AB20: 斡旋価格（税別）
A21: エアコン大判チラシ | K21: 枚 | L21: =H21*45 -> 0 | Q21: 円 | U21: ３００枚以上 １００枚毎 | AB21: 単価 ４５円
U22: ※300枚未満の場合も300枚の費用がかかります
A23: ビニール封筒（角2） | K23: 枚 | L23: =H23*9 -> 0 | Q23: 円 | U23: ビニール封筒斡旋価格（※サイズにご注意ください。）
U24: 種類 | W24: 申込単位 | AA24: サイズ | AE24: 斡旋価格（税別）
A25: ビニール封筒（A4） | K25: 枚 | L25: =H25*8.2 -> 0 | Q25: 円 | U25: 角2 | W25: １００枚毎 | AA25: 240×332 | AE25: 単価 ９円
U26: A4 | W26: １００枚毎 | AA26: 220×302 | AE26: 単価 ８.２円
A27: 送 料 | H27: =IF(リスト!L4<=2499000,1,IF(リスト!L4<=4999000,2,IF(リスト!L4<=7499000,3,IF(リスト!L4<=9999000,4,IF(リスト!L4<=12499000,5,IF(リスト!L4<=14999000,6,IF(リスト!L4<=17499000,7,IF(リスト!L4<=19999000,8,IF(リスト!L4<=22499000,9,"要見積"))))))))) -> 1 | K27: 箱 | L27: =IF(H18=リスト!C1,リスト!D1,IF(H18=リスト!C2,リスト!D2,IF(H18=リスト!C3,リスト!D3,0)))*作成依頼書_1!H27 -> 0 | Q27: 円 | U27: 送 料
U28: エリア | Z28: 部 数 | AD28: 金 額（税別）
A29: 合 計 （ご販売店請求金額） | L29: =SUM(L21:P28) -> 0 | Q29: 円 | U29: 北海道・東北 | Z29: １，０００枚毎に | AD29: ２，５００円
U30: 関東～九州 | Z30: １，０００枚毎に | AD30: ２，０００円
H31: =IF(H21="","※数量をプルダウンよりご選択ください","") -> ※数量をプルダウンよりご選択ください | U31: 沖縄 | Z31: １，０００枚毎に | AD31: ３，０００円
A32: ⑤お申込み確認
A33: （ご販売店名）
AB34: 年 | AE34: 月 | AH34: 日
AF36: （捺印）
A40: ⑥支払条件
B41: 受領月の２０日締切、翌月２０日までに貴社指定の口座へ振込み
B42: ただし、下記条項に定めるところにより、シャープマーケティングジャパン
B43: 株式会社（大阪府八尾市北亀井町3丁目1番72号）が貴社宛に振り込みます。
A44: ⑦連絡事項（ｼｬｰﾌﾟ事前記入欄）
B45: シャープ側担当窓口 | I45: 担当部門： | W45: 担当者：
I46: 電話番号：
I47: Eメールアドレス：
A49: 本書記載の金額には消費税を含んでおりません。
B50: 発注者を甲、受注者を乙、シャープマーケティングジャパン株式会社(大阪府八尾市北亀井町3丁目1番72号 )を丙とします。
B52: ＜仕様及び著作権の帰属に関する契約条項＞
B53: 本件業務に関する仕様は、丙が甲に原案を提供し甲丙間で協議の上甲が決定する仕様(図案)によるものとします。
B54: 甲乙間での校正後の図案を乙は丙に送付するものとします。
B55: 販促助成物に関する著作権(著作権法第２７条、第２８条の権利を含む。)は丙に帰属するものとします。
B57: ＜支払方法に関する契約条項＞
B58: 甲は、甲が乙に対して負担する上記の販促助成物作成委託代金支払債務を丙が甲に代わり乙へ代位弁済すること(以下「代位
B59: 弁済」という。)を異議なく承諾するとともに、代位弁済後は丙からの求償に応じることに同意します。
B60: 甲および乙は、次の各号の一に該当したと丙が認めたときは、丙が直ちに代位弁済を取り止め、その旨を乙に通知する場合が
B61: あることを異議なく承諾します。この場合、甲および乙は、本項の取扱いに起因するトラブルおよび損害等についてはすべて
B62: 甲乙間で解決し、丙になんらの迷惑のかけないものとします。
B63: (1)甲が代位弁済による販促助成物作成代金の全部または一部の支払いに異議を申し立てた場合
... B67: 乙は、上記の販促助成物作成委託代金債権を第三者に譲渡することはできないものとします。
AI68: 以上
A70: ※お申し込み前に必ず、シャープ担当セールスまでご連絡をお願いいたします。
A72: 申込先 | E72: 前川印刷㈱ | M72: FAX：082-875-2407 | Y72: メール送付先：info@mpr.co.jp
M74: 〒731-01355 広島市安佐南区長束1－1－14 TEL．082-875-2113

Sheet 作成依頼書_2
A1: ご販売店様 ⇒ 前川印刷行
A2: 「2026エアコン大判チラシ」刷込依頼書②
A4: ●セール期間（※必須） | M4: ●校正確認先
A5: 月 日（ ）～ 月 日（ ） | M5: 氏名：
M6: ＴＥＬ：
A7: ●消費税の表記（必ずご指定ください） | E7: 〇 | F7: 税込のみ | M7: メール：
E8: 〇 | F8: 税込・税別（両方表記） | M8: ＦＡＸ：
A9: ●販売価格（表面） | M9: お申し込み店印
B10: 品 名 | C10: 型 番 | D10: 色コード | E10: 税込価格 | H10: 税別価格
A11: 1 | B11: エアコン | C11: AC-22UFR | E11: 税込 | G11: 円 | H11: 税別 | J11: 円
A12: 2 | B12: エアコン | C12: AC-25UFR | E12: 税込 | G12: 円 | H12: 税別 | J12: 円 | T12: （捺印）
A13: 3 | B13: エアコン | C13: AC-28UFR | E13: 税込 | G13: 円 | H13: 税別 | J13: 円
A14: 4 | B14: エアコン | C14: AC-36UFR | E14: 税込 | G14: 円 | H14: 税別 | J14: 円
A15: 5 | B15: エアコン | C15: AC-40UFR2 | E15: 税込 | G15: 円 | H15: 税別 | J15: 円
A16: 6 | B16: エアコン | C16: AC-56UFR2 | E16: 税込 | G16: 円 | H16: 税別 | J16: 円
A17: 7 | B17: エアコン | C17: AC-63UFR2 | E17: 税込 | G17: 円 | H17: 税別 | J17: 円
A18: 8 | B18: エアコン | C18: AC-71UFR2 | E18: 税込 | G18: 円 | H18: 税別 | J18: 円
A19: 9 | B19: エアコン | C19: AC-22UFH | E19: 税込 | G19: 円 | H19: 税別 | J19: 円
A20: 10 | B20: エアコン | C20: AC-25UFH | E20: 税込 | G20: 円 | H20: 税別 | J20: 円
A21: 11 | B21: エアコン | C21: AC-28UFH | E21: 税込 | G21: 円 | H21: 税別 | J21: 円
A22: 12 | B22: エアコン | C22: AC-40UFH | E22: 税込 | G22: 円 | H22: 税別 | J22: 円
A23: 13 | B23: エアコン | C23: AC-56UFH2 | E23: 税込 | G23: 円 | H23: 税別 | J23: 円
A24: 14 | B24: エアコン | C24: AC-22THV | E24: 税込 | G24: 円 | H24: 税別 | J24: 円
... A35: 25 | B35: エアコン | C35: AC-56TFE2 | E35: 税込 | G35: 円 | H35: 税別 | J35: 円
A36: 26 | B36: エアコン | C36: AC-22UFT | E36: 税込 | G36: 円 | H36: 税別 | J36: 円 | L36: ●エアコン工事費の表示
A37: 27 | B37: エアコン | C37: AC-25UFT | E37: 税込 | G37: 円 | H37: 税別 | J37: 円 | L37: エアコン工事費負担の有無の表示 | P37: 標準工事費込 ・ 工事費別
A38: 28 | B38: エアコン | C38: AC-28UFT | E38: 税込 | G38: 円 | H38: 税別 | J38: 円 | L38: エアコン標準取付工事費の一例 | P38: 税込 | S38: 税別
A39: 29 | B39: エアコン | C39: AC-36UFT | E39: 税込 | G39: 円 | H39: 税別 | J39: 円 | L39: 標準取付工事費用 | R39: 円 | U39: 円
A40: 30 | B40: エアコン | C40: AC-40UFT2 | E40: 税込 | G40: 円 | H40: 税別 | J40: 円 | L40: 標準配管パイプ（４ｍ） | R40: 円 | U40: 円
A41: 31 | B41: エアコン | C41: AC-56UFT2 | E41: 税込 | G41: 円 | H41: 税別 | J41: 円 | L41: 合計 | P41: =SUM(P39:Q40) -> 0 | R41: 円 | S41: =SUM(S39:T40) -> 0 | U41: 円

Sheet 記入不要
A1: エアコン | B1: AC-22UFR | C1: 1 | D1: 税込 | E1: =作成依頼書_2!F11 -> 0 | I1: 税別 | J1: =作成依頼書_2!I11 -> 0 | M1: =IF(J1*1.1=E1,"","?")
A2: エアコン | B2: AC-25UFR | C2: 2 | D2: 税込 | E2: =作成依頼書_2!F12 -> 0 | I2: 税別 | J2: =作成依頼書_2!I12 -> 0 | M2: =IF(J2*1.1=E2,"","?")
A3: エアコン | B3: AC-28UFR | C3: 3 | D3: 税込 | E3: =作成依頼書_2!F13 -> 0 | I3: 税別 | J3: =作成依頼書_2!I13 -> 0 | M3: =IF(J3*1.1=E3,"","?")
A4: エアコン | B4: AC-36UFR | C4: 4 | D4: 税込 | E4: =作成依頼書_2!F14 -> 0 | I4: 税別 | J4: =作成依頼書_2!I14 -> 0 | M4: =IF(J4*1.1=E4,"","?")
A5: エアコン | B5: AC-40UFR2 | C5: 5 | D5: 税込 | E5: =作成依頼書_2!F15 -> 0 | I5: 税別 | J5: =作成依頼書_2!I15 -> 0 | M5: =IF(J5*1.1=E5,"","?")
A6: エアコン | B6: AC-56UFR2 | C6: 6 | D6: 税込 | E6: =作成依頼書_2!F16 -> 0 | I6: 税別 | J6: =作成依頼書_2!I16 -> 0 | M6: =IF(J6*1.1=E6,"","?")
A7: エアコン | B7: AC-63UFR2 | C7: 7 | D7: 税込 | E7: =作成依頼書_2!F17 -> 0 | I7: 税別 | J7: =作成依頼書_2!I17 -> 0 | M7: =IF(J7*1.1=E7,"","?")
A8: エアコン | B8: AC-71UFR2 | C8: 8 | D8: 税込 | E8: =作成依頼書_2!F18 -> 0 | I8: 税別 | J8: =作成依頼書_2!I18 -> 0 | M8: =IF(J8*1.1=E8,"","?")
A9: エアコン | B9: AC-22UFH | C9: 9 | D9: 税込 | E9: =作成依頼書_2!F19 -> 0 | I9: 税別 | J9: =作成依頼書_2!I19 -> 0 | M9: =IF(J9*1.1=E9,"","?")
A10: エアコン | B10: AC-25UFH | C10: 10 | D10: 税込 | E10: =作成依頼書_2!F20 -> 0 | I10: 税別 | J10: =作成依頼書_2!I20 -> 0 | M10: =IF(J10*1.1=E10,"","?")
A11: エアコン | B11: AC-28UFH | C11: 11 | D11: 税込 | E11: =作成依頼書_2!F21 -> 0 | I11: 税別 | J11: =作成依頼書_2!I21 -> 0 | M11: =IF(J11*1.1=E11,"","?")
A12: エアコン | B12: AC-40UFH | C12: 12 | D12: 税込 | E12: =作成依頼書_2!F22 -> 0 | I12: 税別 | J12: =作成依頼書_2!I22 -> 0 | M12: =IF(J12*1.1=E12,"","?")
... A31: エアコン | B31: AC-56UFT2 | C31: 31 | D31: 税込 | E31: =作成依頼書_2!F41 -> 0 | I31: 税別 | J31: =作成依頼書_2!I41 -> 0 | M31: =IF(J31*1.1=E31,"","?")
A38: エアコン取付工事費 | B38: 標準取付工事 | D38: 税込 | E38: =作成依頼書_2!P39 -> 0 | I38: 税別 | J38: =作成依頼書_2!S39 -> 0
B39: 配管パイプ | D39: 税込 | E39: =作成依頼書_2!P40 -> 0 | I39: 税別 | J39: =作成依頼書_2!S40 -> 0
B40: 合計 | D40: 税込 | E40: =作成依頼書_2!P41 -> 0 | I40: 税別 | J40: =作成依頼書_2!S41 -> 0
E42: =作成依頼書_2!A5 -> 月 日（ ）～ 月 日（ ）

Sheet リスト
A1: 300 | C1: 沖縄 | D1: 3000 | F1: 100 | H1: 大判 | I1: 100 | J1: 2400 | L1: =J1*作成依頼書_1!H21 -> 0
A2: 400 | C2: 関東～九州 | D2: 2000 | F2: 200 | H2: TK-1 | I2: 100 | J2: 850 | L2: =J2*作成依頼書_1!H23 -> 0
A3: 500 | C3: 北海道・東北 | D3: 2500 | F3: 300 | H3: TK-7 | I3: 100 | J3: 700 | L3: =J3*作成依頼書_1!H25 -> 0
A4: 600 | C4: 配送先をご選択ください | D4: 0 | F4: 400 | L4: =SUM(L1:L3) -> 0
A5: 700 | F5: 500
A6: 800 | F6: 600
A7: 900 | F7: 700
A8: 1000 | F8: 800
A9: 1100 | F9: 900
A10: 1200 | F10: 1000
A11: 1300 | F11: 1100
A12: 1400 | F12: 1200
A13: 1500 | F13: 1300
A14: 1600 | F14: 1400
A15: 1700 | F15: 1500
A16: 1800 | F16: 1600
... A98: 10000 | F98: 9800
F99: 9900
F100: 10000
